 Zot Defence DCSS version 0.15.2 (webtiles) character file.

79 vishdafish the Ruffian (level 4, 0/1 (44) HPs)
             Began as a Troll Berserker on July 1, 2017.
             Was a Follower of Trog.
             Rotted away (a goblin)
             ... in the Realm of Zot (Scenario I: Hall of Zot).
             The game lasted 00:03:17 (422 turns).

vishdafish the Ruffian (Troll Berserker)             Turns: 422, Time: 00:03:18

HP   0/1 (44)    AC  5     Str 25      XL: 4   Next: 17%
MP   2/2         EV 10     Int  4      God: Trog [*.....]
Gold 0           SH  0     Dex  9      Spells:  0 memorised,  3 levels left

rFire  . . .     SeeInvis .       - Unarmed
rCold  . . .     Clarity  .     b - +0 animal skin
rNeg   . . .     rCorr    .     (shield restricted)
rPois  .         rRot     .     (helmet restricted)
rElec  .         Spirit   .     (no cloak)
SustAb .         Warding  .     (gloves unavailable)
rMut   .         Stasis   .     (boots unavailable)
Gourm  +                        (no amulet)
MR     .....                    (no ring)
                                (no ring)

@: not resistant to hostile enchantments, very unstealthy
A: unfitting armour, claws 3, fast metabolism 3, gourmand, regeneration 2,
saprovore 2, shaggy fur 1, tough skin 2
a: Make oklob sapling, Make arrow trap, Make plant, Remove Curse, Burn
Spellbooks, Berserk, Renounce Religion


You were in the Realm of Zot.
You worshipped Trog.
Trog was aware of your devotion.
You were not hungry.

You visited 1 branch

Inventory:

Armour
 b - a +0 animal skin (worn)
Comestibles
 c - 2 meat rations
Scrolls
 h - a scroll of blinking
Potions
 d - a potion of heal wounds
 e - a potion of haste
 f - 2 potions of magic
 g - a potion of berserk rage


   Skills:
 + Level 2.9 Fighting
 + Level 3.4 Dodging
 + Level 3.7 Unarmed Combat


You had 3 spell levels left.
You didn't know any spells.

Dungeon Overview and Level Annotations

Branches:
    Zot (1/1)

Altars:


Innate Abilities, Weirdness & Mutations

You are too large for most types of armour.
You have claws for hands.
Your metabolism is lightning-fast.
You like to eat raw meat.
You heal very quickly.
You can eat rotten meat.
You are covered in fur (AC +1).
You have very tough skin (AC +2).


Message History

You claw the goblin!
You kill the goblin!
Trog accepts your kill.
You closely miss the rat.
Your flesh rots away as the Orb of Zot is desecrated. x2
The rat barely misses you.
You barely miss the rat.
Your flesh rots away as the Orb of Zot is desecrated. x2
The rat misses you.
Your flesh rots away as the Orb of Zot is desecrated.
You scratch the rat.
You kill the rat!
Trog accepts your kill.
Your flesh rots away as the Orb of Zot is desecrated. x2
Your flesh rots away as the Orb of Zot is desecrated. x2
A ball python comes into view.
Items here: %% ( )))
Your flesh rots away as the Orb of Zot is desecrated.
Ouch! That really hurt!
You die...

#### ############## ###
####......... ..###
###............ ....##
##.............. .....# ▓▓▓▓▓▓▓▓▓
#...............
.....▓▓▓.......▓▓▓..)............
.....▓▓.........▓▓.).............
.....▓....PP.....▓)..............
.........SPgP.%(@)...............
.....▓P...PP..).P▓...............
.....▓▓.........▓▓...............
.....▓▓▓.......▓▓▓...............
.....▓ ▓▓▓▓▓▓▓▓▓ ▓...............
....▓▓ ▓▓.............. ..▓▓▓
▓▓▓............ ▓▓▓ ▓▓▓▓.........
▓▓▓ ▓▓▓▓▓▓▓▓▓▓▓▓▓


You could see a goblin, a ball python and a friendly oklob sapling.

Vanquished Creatures
  A shadow imp (Zot)
  A worm (Zot)
  3 oozes (Zot)
  4 bats (Zot)
  3 goblins (Zot)
  A ball python (Zot)
  A giant newt (Zot)
  3 kobolds (Zot)
  2 rats (Zot)
19 creatures vanquished.

Vanquished Creatures (collateral kills)
  2 bats (Zot)
  A giant newt (Zot)
  4 goblins (Zot)
  4 kobolds (Zot)
  A rat (Zot)
12 creatures vanquished.

Grand Total: 31 creatures vanquished

Notes
Turn   | Place    | Note
--------------------------------------------------------------
     0 | Zot      | vishdafish, the Troll Berserker, began the quest for the Orb.
     0 | Zot      | Reached XP level 1. HP: 22/22 MP: 1/1
   209 | Zot      | Reached XP level 2. HP: 15/15 MP: 1/1
   246 | Zot      | Reached XP level 3. HP: 22/22 MP: 2/2
   374 | Zot      | Reached XP level 4. HP: 16/23 MP: 2/2
   422 | Zot      | Rotted away (a goblin)

Action                   |  1- 3 |  4- 6 || total
-------------------------+-------+-------++-------
Melee: Unarmed           |    39 |     7 ||    46
 Abil: Make oklob saplin |     2 |       ||     2
       Make plant        |       |     6 ||     6
  Use: Potion            |     3 |       ||     3
